 Dungeon Crawl Stone Soup version 0.23-a0-395-gcf17ac6 (webtiles) character file.

9 Azzok the Firebug (level 2, 19/19 HPs)
             Began as a Demonspawn Fire Elementalist on Nov 1, 2018.
             Quit the game on level 1 of the Dungeon.
             The game lasted 00:00:38 (481 turns).

Azzok the Firebug (Demonspawn Fire Elementalist)     Turns: 481, Time: 00:00:39

Health: 19/19      AC:  3    Str:  8    XL:     2   Next: 3%
Magic:  5/5        EV: 12    Int: 16    God:
Gold:   19         SH:  0    Dex: 13    Spells: 4/5 levels left

rFire    . . .     SeeInvis .   (no weapon)
rCold    . . .     Gourm    .   (no shield)
rNeg     + + .     Faith    .   a - +0 robe
rPois    .         Spirit   .   h - +0 helmet
rElec    .         Reflect  .   (no cloak)
rCorr    .         Harm     .   (no gloves)
MR       .....                  (no boots)
Stlth    ++........             (no amulet)
HPRegen  0.06/turn              f - ring of positive energy
MPRegen  0.09/turn              g - ring of positive energy

@: no status effects
A: rot immunity
a: no special abilities


You were on level 1 of the Dungeon.
You were not hungry.

You visited 1 branch of the dungeon, and saw 1 of its levels.

You collected 19 gold pieces.

Inventory:

Armour
 a - a +0 robe (worn)
 h - a +0 helmet (worn)
Jewellery
 f - a ring of positive energy (left hand)
 g - a ring of positive energy (right hand)
Scrolls
 b - a scroll of random uselessness {unknown}
 i - a scroll of remove curse {unknown}
Potions
 e - a potion of brilliance {unknown}
Comestibles
 c - 2 rations
 d - 7 chunks of flesh


   Skills:
 - Level 1.7 Dodging
 - Level 1.7 Stealth
 - Level 2.0 Spellcasting
 + Level 1.6 Conjurations
 + Level 3.0 Fire Magic


You had 4 spell levels left.
You knew the following spells:

 Your Spells              Type           Power        Failure   Level  Hunger
a - Flame Tongue          Conj/Fire      #....        9%          1    #......

Your spell library contained the following spells:

 Spells                   Type           Power        Failure   Level  Hunger
 Throw Flame              Conj/Fire      #.....       12%         2    ###....
 Conjure Flame            Conj/Fire      #.......     24%         3    ###....
 Inner Flame              Hex/Fire       #.......     32%         3    ###....
 Sticky Flame             Conj/Fire      #.......     63%         4    #####..
 Fireball                 Conj/Fire      #.........   92%         5    ######.


Dungeon Overview and Level Annotations

Branches:
Dungeon (1/15)

Altars:


Innate Abilities, Weirdness & Mutations

You are immune to rotting.


Message History

i - a scroll labeled DUWAM GEIH
c - 2 rations (gained 1)
A goblin comes into view.
A goblin is nearby!
The goblin shouts!
Casting: Flame Tongue (safe; 9% risk of failure)
Confirm with . or Enter, or press ? or * to list all spells.
Aiming: Flame Tongue (safe; 9% risk of failure)
Press: ? - help, Shift-Dir - straight line, f - goblin
Aim: a goblin The flame tongue hits the goblin.
You kill the goblin!
You have reached level 2!
Your demonic ancestry asserts itself...
You feel immune to rotting.
You butcher the goblin corpse.
d - 7 chunks of flesh (gained 3)
You see here a goblin skeleton. x2
A goblin comes into view. It is wielding a +0 club.
Are you sure you want to abandon this character and quit the game? (Confirm

▒▒▒▒··▒·▒·▒·▒·········
▒▒·······▒·▒·▒▒▒▒▒·····
▒···▒··÷···▒········▒▒(
▒▒···▒▒·▒▒▒·▒▒▒▒▒▒▒▒····
············▒▒·········▒
········▒▒▒▒▒▒·▒▒▒▒▒▒···
········▒ ▒·····▒ ▒··▒
▒▒···▒▒·▒ ▒·····▒▒▒▒▒··▒
▒··· ▒@▒ ▒········▒▒··▒
▒▒▒ ▒·▒ ▒·····▒▒·▒▒··▒
▒?▒ ▒·····▒▒·▒▒··▒ ···
▒▒▒▒·▒▒▒·▒▒··· ▒··
▒·········· ▒··▒
▒▒▒▒▒▒▒▒▒>▒ ···▒ ▒▒·▒▒
▒▒g▒ ▒···▒ ▒·▒▒·


You could see a goblin (sleeping).

Vanquished Creatures
  A ball python (D:1)
  A giant cockroach (D:1)
  A kobold (D:1)
  A frilled lizard (D:1)
  3 goblins (D:1)
  A rat (D:1)
8 creatures vanquished.

Notes
Turn   | Place    | Note
-------+----------+-------------------------------------------
     0 | D:1      | Azzok the Demonspawn Fire Elementalist began the quest for
                  | the Orb.
     0 | D:1      | Reached XP level 1. HP: 13/13 MP: 3/3
   283 | D:1      | Reached skill level 3 in Fire Magic
   450 | D:1      | Gained mutation: You are immune to rotting. [demonic
                  | ancestry]
   450 | D:1      | Reached XP level 2. HP: 19/19 MP: 3/5
   481 | D:1      | Quit the game

Vault maps used:
D:1:      lemuel_arrival_rhombus

Skill      XL: |  1 |
---------------+----+-----
Fire Magic     | 3 |  3.0
Dodging        | |  1.7
Stealth        | |  1.7
Spellcasting   | |  2.0
Conjurations   | |  1.6

Action                   || total
-------------------------++-------
 Cast: Flame Tongue      ||    11
Armor: Robe              ||     1
Dodge: Dodged            ||     1

Table legend:
 A = Non-vault XP
 B = Vault XP
 C = Vault XP percentage of total XP
 D = Non-vault monster count
 E = Vault monster count
 F = Vault count percentage of total count
                 A         B        C        D         E       F
            +---------+---------+-------+---------+---------+-------
      Total |      13 |       0 |   0.0 |       8 |       0 |   0.0
            +---------+---------+-------+---------+---------+-------
        D:1 |      13 |       0 |   0.0 |       8 |       0 |   0.0
            +---------+---------+-------+---------+---------+-------
